 Dungeon Crawl Stone Soup version 0.24.0-41-g2ae2f7f1be (webtiles) character file.

Game seed: 17973855432672133216, levelgen mode: deterministic

515 Goreval the Magician (level 7, 0/50 HPs)
             Began as a Gnoll Wizard on Dec 10, 2019.
             Was an Initiate of Ashenzari.
             Slain by a bullfrog (2 damage)
             ... in a sewer.
             The game lasted 00:10:46 (5563 turns).

Goreval the Magician (Gnoll Wizard)                 Turns: 5563, Time: 00:10:46

Health: 0/50       AC:  3    Str:  9    XL:     7   Next: 20%
Magic:  0/18       EV: 14    Int: 23    God:    Ashenzari [......]
Gold:   248        SH:  0    Dex: 13    Spells: 13/21 levels left

rFire    . . .     SeeInvis .   t - +2 halberd (protect)
rCold    . . .     Gourm    .   (shield currently unavailable)
rNeg     . . .     Faith    .   p - +0 robe {MR+}
rPois    .         Spirit   +   b - +0 hat
rElec    .         Reflect  .   (no cloak)
rCorr    .         Harm     .   (no gloves)
MR       ++...                  a - +0 pair of boots
Stlth    ++........             w - amulet of guardian spirit
HPRegen  0.16/turn              m - ring of protection from magic
MPRegen  0.16/turn              (no ring)

@: very slow
A: distributed training, fangs 1, strong nose
a: Curse Item, Renounce Religion


You were in a sewer.
You worshipped Ashenzari.
Ashenzari was noncommittal.
You were not hungry.

You visited 2 branches of the dungeon, and saw 5 of its levels.
You also visited: Sewer.

You collected 248 gold pieces.

Inventory:

Hand Weapons
 i - a +1 dagger of draining
 t - a +2 halberd of protection (weapon)
Armour
 a - a +0 pair of boots (worn)
 b - a +0 hat (worn)
 l - a +0 shield
 p - a +0 robe of magic resistance (worn)
Jewellery
 f - an uncursed ring of ice
 m - a ring of protection from magic (left hand)
 w - an amulet of guardian spirit (around neck)
Wands
 q - a wand of polymorph (10)
Scrolls
 c - 3 scrolls of teleportation
 n - 2 scrolls of remove curse
 r - a scroll of blinking {unknown}
 u - a scroll of fear {unknown}
Potions
 g - a potion of mutation {unknown}
 h - a potion of magic {unknown}
 j - 2 potions of flight
 k - a potion of agility
 o - a potion of curing {unknown}
 s - a potion of resistance
 v - 2 potions of berserk rage
 x - a potion of cancellation
Comestibles
 d - 8 rations
 z - 5 chunks of flesh


   Skills:
 + Level 2.3 Fighting
 + Level 2.3 Short Blades
 + Level 2.3 Long Blades
 + Level 2.3 Axes
 + Level 2.3 Maces & Flails
 + Level 2.3 Polearms
 + Level 2.3 Staves
 + Level 2.3 Slings
 + Level 2.3 Bows
 + Level 2.3 Crossbows
 + Level 2.3 Throwing
 + Level 2.3 Armour
 + Level 5.1 Dodging
 + Level 4.8 Stealth
 + Level 2.3 Shields
 + Level 2.3 Unarmed Combat
 + Level 7.5 Spellcasting
 + Level 2.8 Conjurations
 + Level 1.8 Hexes
 + Level 1.8 Charms
 + Level 2.8 Summonings
 + Level 1.8 Necromancy
 + Level 2.8 Translocations
 + Level 1.8 Transmutations
 + Level 1.8 Fire Magic
 + Level 1.8 Ice Magic
 + Level 1.8 Air Magic
 + Level 1.8 Earth Magic
 + Level 1.8 Poison Magic
 + Level 2.5 Invocations
 + Level 2.3 Evocations


You had 13 spell levels left.
You knew the following spells:

 Your Spells              Type           Power        Failure   Level  Hunger
a - Magic Dart            Conj           ###.         2%          1    None
b - Mephitic Cloud        Conj/Pois/Air  ###.....     9%          3    None
n - Blink                 Tloc           N/A          3%          2    None
z - Call Imp              Summ           ###.....     3%          2    None

Your spell library contained the following spells:

 Spells                   Type           Power        Failure   Level  Hunger
 Slow                     Hex            ###.....     4%          2    None
 Conjure Flame            Conj/Fire      ###.....     9%          3    None


Dungeon Overview and Level Annotations

Branches:
Dungeon (4/15)             Temple (1/1) D:4           Sewer (1/1)

Altars:
Ashenzari
Cheibriados
Dithmenos
Elyvilon
Fedhas
Hepliaklqana
Kikubaaqudgha
Makhleb
Nemelex Xobeh
Okawaru
Qazlal
Ru
Sif Muna
Trog
Uskayaw
Vehumet
Wu Jian
Xom
Yredelemnul
The Shining One


Innate Abilities, Weirdness & Mutations

Your experience applies equally to all skills.
You have very sharp teeth.
Your uncanny sense of smell can sniff out nearby items.


Message History

Aim: a bullfrog (moderately wounded)
The magic dart hits the bullfrog!
The bullfrog misses you. The bullfrog hits you.
The bullfrog hits you but does no damage.
The frilled lizard barely misses you.
Unknown command.
You enter the shallow water.
Moving in this stuff is going to be slow.
The bullfrog closely misses you. The bullfrog barely misses you. x2
The bullfrog hits you. The bullfrog hits you! The bullfrog hits you.
* * * LOW HITPOINT WARNING * * *
The bullfrog hits you!
* * * LOW HITPOINT WARNING * * *
The bullfrog hits you.
* * * LOW HITPOINT WARNING * * *
The bullfrog hits you.
* * * LOW HITPOINT WARNING * * *
The bullfrog hits you.
You die...

#.≈≈≈≈#######≈≈≈##≈≈#
#######≈###.≈≈.≈##÷≈≈#÷≈#
#≈≈≈≈.###≈†≈.≈≈≈≈##≈≈#≈.≈
#≈..≈≈#.≈≈≈..≈.≈≈≈#≈≈##≈≈
#≈≈≈≈≈#..##≈.≈(..≈##≈≈#≈≈
#≈.#÷≈#..# ≈..[).≈ #.≈#≈≈
#≈≈#.≈#ll# ≈≈≈.$.≈ #≈≈#≈.
#≈≈#.##FF# ≈≈..?≈≈ #≈.#≈.
#≈≈#÷#≈≈@# ≈≈...≈≈ #..#.≈
#≈≈#≈#∩÷.# ≈≈.≈≈.≈ #.≈#÷.
#≈≈#≈#≈≈.## ##≈≈#..
#≈÷#≈###≈≈# #≈≈##≈≈
#.≈#≈.≈#.≈## ##≈≈#≈≈≈
##÷##≈≈#≈≈.## ##≈≈≈#.≈#
#..#.≈##≈≈≈#####≈≈.##.≈#
#∩.#≈≈≈#≈..≈≈≈≈≈.≈≈#≈≈≈#
#..##≈≈##..≈≈≈≈≈≈≈##≈.##


You could see 2 bullfrogs and 2 frilled lizards.

Vanquished Creatures
  A centaur (D:3)
  A hound (D:4)
  An orc priest (D:3)
  Natasha (twice) (D:2)
  7 gnolls
  9 adders
  A river rat (D:4)
  5 oozes (Sewer)
  A worm (D:4)
  3 dart slugs
  7 leopard geckos (Sewer)
  6 orcs (D:3)
  15 ball pythons
  3 bats
  15 giant cockroaches
  6 goblins
  10 hobgoblins
  7 jackals
  2 quokkas
  12 frilled lizards
  6 kobolds
  13 rats
133 creatures vanquished.

Vanquished Creatures (collateral kills)
  A gnoll (D:1)
1 creature vanquished.

Grand Total: 134 creatures vanquished

Notes
Turn   | Place    | Note
-------+----------+-------------------------------------------
     0 | D:1      | Goreval the Gnoll Wizard began the quest for the Orb.
     0 | D:1      | Reached XP level 1. HP: 13/13 MP: 8/8
   326 | D:1      | Reached XP level 2. HP: 19/19 MP: 5/10
  1000 | D:2      | Reached XP level 3. HP: 25/25 MP: 7/11
  1011 | D:2      | Learned a level 2 spell: Blink
  1014 | D:2      | Learned a level 2 spell: Call Imp
  1018 | D:2      | Learned a level 3 spell: Mephitic Cloud
  1135 | D:2      | Reached skill level 1 in Invocations
  1517 | D:2      | Reached skill level 1 in Fighting
  1517 | D:2      | Reached skill level 1 in Short Blades
  1517 | D:2      | Reached skill level 1 in Long Blades
  1517 | D:2      | Reached skill level 1 in Axes
  1517 | D:2      | Reached skill level 1 in Maces & Flails
  1517 | D:2      | Reached skill level 1 in Polearms
  1517 | D:2      | Reached skill level 1 in Staves
  1517 | D:2      | Reached skill level 1 in Slings
  1517 | D:2      | Reached skill level 1 in Bows
  1517 | D:2      | Reached skill level 1 in Crossbows
  1517 | D:2      | Reached skill level 1 in Throwing
  1517 | D:2      | Reached skill level 1 in Armour
  1517 | D:2      | Reached skill level 1 in Shields
  1517 | D:2      | Reached skill level 1 in Unarmed Combat
  1517 | D:2      | Reached skill level 1 in Evocations
  1517 | D:2      | Reached XP level 4. HP: 28/32 MP: 4/13
  1982 | D:2      | Reached skill level 1 in Hexes
  1982 | D:2      | Reached skill level 1 in Charms
  1982 | D:2      | Reached skill level 1 in Necromancy
  1982 | D:2      | Reached skill level 1 in Transmutations
  1982 | D:2      | Reached skill level 1 in Fire Magic
  1982 | D:2      | Reached skill level 1 in Ice Magic
  1982 | D:2      | Reached skill level 1 in Air Magic
  1982 | D:2      | Reached skill level 1 in Earth Magic
  1982 | D:2      | Reached skill level 1 in Poison Magic
  2376 | D:2      | Noticed Natasha
  2384 | D:2      | Killed Natasha
  2384 | D:2      | Reached XP level 5. HP: 24/37 MP: 5/14
  2738 | D:2      | Noticed Natasha
  2744 | D:2      | Killed Natasha
  3200 | D:3      | Noticed a centaur
  3524 | D:3      | Reached XP level 6. HP: 28/44 MP: 8/16
  3863 | D:3      | Reached skill level 5 in Dodging
  4482 | D:4      | Found a snail-covered altar of Cheibriados.
  4486 | D:4      | Found a blossoming altar of Fedhas.
  4487 | D:4      | Found a burning altar of Makhleb.
  4487 | D:4      | Found a radiant altar of Vehumet.
  4487 | D:4      | Found a hide-covered altar of Uskayaw.
  4487 | D:4      | Found an ornate altar of the Wu Jian Council.
  4487 | D:4      | Found an iron altar of Okawaru.
  4488 | D:4      | Found a shadowy altar of Dithmenos.
  4491 | D:4      | Found a basalt altar of Yredelemnul.
  4534 | D:4      | Found a staircase to the Ecumenical Temple.
  4542 | Temple   | Entered the Ecumenical Temple
  4828 | Temple   | Became a worshipper of Ashenzari the Shackled
  4915 | D:4      | Found a glowing drain.
  4949 | Sewer    | Entered a sewer
  5047 | Sewer    | Reached XP level 7. HP: 44/50 MP: 16/18
  5563 | Sewer    | HP: 2/50 [bullfrog (4)]
  5563 | Sewer    | Slain by a bullfrog

Levels and vault maps discovered:
D:1:      saegor_arrival_simple_b, layout_basic
D:2:      layout_basic, first_ration, uniq_natasha
D:3:      layout_basic
D:4:      layout_basic, grunt_temple_overflow_gold_and_silver, minitemple,
          minmay_temple_entry_waves, portal_sewer_entry_a, uniq_pikel
Temple:   minmay_temple_curvy_loop
Sewer:    sewer_frog_island_02

Skill      XL: |  1  2  3  4  5  6 |
---------------+-------------------+-----
Conjurations   | 2 |  2.8
Summonings     | 2 |  2.8
Translocations | 2 |  2.8
Invocations    | 1 2 |  2.5
Fighting       | 1 2 |  2.3
Short Blades   | 1 2 |  2.3
Long Blades    | 1 2 |  2.3
Axes           | 1 2 |  2.3
Maces & Flails | 1 2 |  2.3
Polearms       | 1 2 |  2.3
Staves         | 1 2 |  2.3
Slings         | 1 2 |  2.3
Bows           | 1 2 |  2.3
Crossbows      | 1 2 |  2.3
Throwing       | 1 2 |  2.3
Armour         | 1 2 |  2.3
Shields        | 1 2 |  2.3
Unarmed Combat | 1 2 |  2.3
Evocations     | 1 2 |  2.3
Hexes          | 1 |  1.8
Charms         | 1 |  1.8
Necromancy     | 1 |  1.8
Transmutations | 1 |  1.8
Fire Magic     | 1 |  1.8
Ice Magic      | 1 |  1.8
Air Magic      | 1 |  1.8
Earth Magic    | 1 |  1.8
Poison Magic   | 1 |  1.8
Dodging        | 5 |  5.1
Stealth        | |  4.8
Spellcasting   | |  7.5

Action                   |  1- 3 |  4- 6 |  7- 9 || total
-------------------------+-------+-------+-------++-------
Melee: Dagger            |    18 |    25 |       ||    43
       Bite              |       |     2 |     5 ||     7
       Halberd           |       |    39 |   113 ||   152
 Cast: Magic Dart        |    42 |   152 |    10 ||   204
       Call Imp          |     7 |       |       ||     7
       Mephitic Cloud    |     1 |     5 |       ||     6
  Use: Scroll            |       |     6 |       ||     6
 Stab: Distracted        |       |     1 |       ||     1
       Sleeping          |       |     2 |     2 ||     4
  Eat: Chunk             |     2 |    10 |     3 ||    15
Armor: Leather armour    |     3 |       |       ||     3
       Robe              |       |    14 |    53 ||    67
Dodge: Dodged            |    26 |    63 |   192 ||   281
